 Dungeon Crawl Stone Soup version 0.22.1-1-ga44c0e56f4 (webtiles) character file.

422 Morbidden the Slinger (level 7, -3/45 HPs)
             Began as a Halfling Hunter on Oct 21, 2018.
             Slain by a troll (11 damage)
             ... on level 5 of the Dungeon.
             The game lasted 00:07:19 (3100 turns).

Morbidden the Slinger (Halfling Hunter)             Turns: 3100, Time: 00:07:20

Health: -3/45      AC:  6    Str: 15    XL:     7   Next: 17%
Magic:  7/7        EV: 12    Int:  9    God:
Gold:   217        SH:  4    Dex: 15    Spells: 6/6 levels left

rFire    . . .     SeeInvis .   a - +1 hunting sling
rCold    . . .     Gourm    .   (shield restricted)
rNeg     . . .     Faith    .   v - +0 scale mail (curse)
rPois    .         Spirit   .   (no helmet)
rElec    .         Reflect  +   (no cloak)
rCorr    .         Harm     .   (no gloves)
MR       .....                  (no boots)
Stlth    ..........             p - +4 amulet of reflection
HPRegen  0.15/turn              (no ring)
MPRegen  0.10/turn              (no ring)

@: about to teleport
A: small, mutation resistance 1
a: no special abilities


You were on level 5 of the Dungeon.
You were not hungry.

You visited 1 branch of the dungeon, and saw 5 of its levels.

You collected 217 gold pieces.

Inventory:

Hand Weapons
 a - a +1 hunting sling (weapon)
 b - a +1 dagger of holy wrath
Missiles
 d - 11 sling bullets (quivered)
 e - 213 stones
 q - 5 tomahawks
Armour
 s - a +0 chain mail
 v - a cursed +0 scale mail (worn)
Jewellery
 p - a +4 amulet of reflection (around neck)
Wands
 c - a wand of random effects (23)
Scrolls
 i - 3 scrolls of teleportation
 n - 3 scrolls of identify
Potions
 g - a potion of haste {unknown}
 j - a potion of lignification {unknown}
 k - 2 potions of curing {unknown}
 m - a potion of flight {unknown}
 o - 2 potions of degeneration {unknown}
 t - a potion of brilliance {unknown}
Comestibles
 f - 8 rations
 u - 5 chunks of flesh


   Skills:
 + Level 2.8 Fighting
 * Level 10.5 Slings
 + Level 1.6 Armour
 + Level 2.2 Dodging
 + Level 1.1 Stealth


You had 6 spell levels left.
You didn't know any spells.
Your spell library contained the following spells:

 Spells                   Type           Power        Failure   Level  Hunger
 Confusing Touch          Hex            #.....       85%         1    ##.....
 Confuse                  Hex            #.......     99%         3    ####...
 Gell's Gravitas          Tloc           #.........   99%         3    ####...
 Petrify                  Tmut/Erth      #.......     100%        4    #####..
 Metabolic Englaciation   Hex/Ice        #.........   100%        5    ######.
 Yara's Violent Unravell  Hex/Tmut       #.........   100%        5    ######.


Dungeon Overview and Level Annotations

Branches:
Dungeon (5/15)
 Temple: D:4-7

Altars:
Ashenzari
Makhleb
Ru


Innate Abilities, Weirdness & Mutations

You are small and have problems with some larger weapons.
You are somewhat resistant to further mutation.


Message History

You shoot a sling bullet.
The sling bullet closely misses the troll.
The troll bites you! The troll claws you! x2
* * * LOW HITPOINT WARNING * * *
Firing (i - inventory. (/) - cycle)
d - 12 sling bullets (quivered)
Press: ? - help, Shift-Dir - straight line, f/p - troll
Aim: a troll (moderately wounded)
You shoot a sling bullet. The sling bullet hits the troll.
The troll is moderately wounded.
The troll bites you.
* * * LOW HITPOINT WARNING * * *
The troll claws you but does no damage. You block the troll's attack.
Unknown command.
Unknown command.
You feel much better. The troll bites you. The troll claws you!
* * * LOW HITPOINT WARNING * * *
The troll claws you but does no damage.
As you read the scroll of teleportation, it crumbles to dust.
You feel strangely unstable. The troll bites you!
You die...

.## ..# ..# ###
#$# ##.###.#
####...##.####.##
+.@T.....(.......
####...##.####.#
##.###.#
#####.###
#########.....#
#.........#.#.#
#.# #.......#.#
#.# #.###.###.#
#.###.###.....#


You could see a troll.

Vanquished Creatures
  A scorpion (D:4)
  A howler monkey (D:4)
  2 centaur skeletons (D:4)
  Natasha (thrice) (D:3)
  An orc wizard (D:4)
  A worker ant (D:4)
  6 adders
  A shadow imp (D:5)
  An ooze (D:4)
  5 worms
  A dart slug (D:2)
  5 leopard geckos
  5 orcs
  3 ball pythons
  3 giant cockroaches
  6 goblins
  4 hobgoblins
  3 jackals (D:3)
  6 kobolds
  3 quokkas
  3 bats
  3 frilled lizards
  7 rats
74 creatures vanquished.

Notes
Turn   | Place    | Note
-------+----------+-------------------------------------------
     0 | D:1      | Morbidden the Halfling Hunter began the quest for the Orb.
     0 | D:1      | Reached XP level 1. HP: 14/14 MP: 1/1
    80 | D:1      | Reached skill level 6 in Slings
   188 | D:1      | Reached XP level 2. HP: 19/19 MP: 2/2
   692 | D:2      | Reached XP level 3. HP: 24/24 MP: 3/3
   700 | D:2      | Reached skill level 7 in Slings
   833 | D:2      | Reached skill level 1 in Armour
   833 | D:2      | Reached XP level 4. HP: 23/29 MP: 4/4
  1516 | D:2      | Found a sacrificial altar of Ru.
  1516 | D:2      | Found a burning altar of Makhleb.
  1815 | D:3      | Reached skill level 8 in Slings
  1991 | D:3      | Noticed Natasha
  2009 | D:3      | Killed Natasha
  2009 | D:3      | Reached XP level 5. HP: 24/34 MP: 5/5
  2010 | D:3      | Found a shattered altar of Ashenzari.
  2064 | D:3      | Noticed Natasha
  2078 | D:3      | Killed Natasha
  2303 | D:3      | Noticed Natasha
  2309 | D:3      | Killed Natasha
  2309 | D:3      | Reached skill level 9 in Slings
  2389 | D:4      | Reached XP level 6. HP: 33/39 MP: 6/6
  2590 | D:4      | Reached skill level 10 in Slings
  2875 | D:4      | Reached XP level 7. HP: 16/45 MP: 7/7
  3062 | D:5      | Entered Level 5 of the Dungeon
  3088 | D:5      | Noticed a troll
  3100 | D:5      | Slain by a troll

Skill      XL: |  1  2  3  4  5  6 |
---------------+-------------------+-----
Slings         | 6 7 8 9 10 | 10.5
Armour         | 1 |  1.6
Fighting       | 2 |  2.8
Dodging        | |  2.2
Stealth        | |  1.1

Action                   |  1- 3 |  4- 6 |  7- 9 || total
-------------------------+-------+-------+-------++-------
Melee: Dagger            |       |     3 |       ||     3
 Fire: Hunting sling     |    80 |   238 |    18 ||   336
Evoke: Wand              |       |       |     1 ||     1
  Use: Potion            |     1 |       |     1 ||     2
       Scroll            |       |     2 |     4 ||     6
  Eat: Chunk             |       |     8 |       ||     8
Armor: Leather armour    |     4 |     3 |       ||     7
       Ring mail         |       |     9 |       ||     9
       Chain mail        |       |    16 |       ||    16
       Scale mail        |       |       |     4 ||     4
Dodge: Dodged            |    22 |    40 |     6 ||    68
Block: Other             |       |     5 |     4 ||     9
